 Dungeon Crawl Stone Soup version 0.24-a0-618-ge4662a2d14 (webtiles) character file.

Game seed: 13434490421707752667, levelgen mode: deterministic

1270 GameOver the Conjurer (level 8, 46/46 HPs)
             Began as an Octopode Wizard on Sept 15, 2019.
             Was a Believer of Okawaru.
             Got out of the dungeon alive.
             The game lasted 00:42:38 (4559 turns).

GameOver the Conjurer (Octopode Wizard)             Turns: 4559, Time: 00:42:38

Health: 46/46      AC:  2    Str:  4 (6)  XL:     8   Next: 53%
Magic:  13/13      EV: 14    Int: 24 (25) God:    Okawaru [**....]
Gold:   270        SH:  0    Dex: 10 (13) Spells: 7/13 levels left

rFire    . . .     SeeInvis .   s - +0 trident
rCold    . . .     Gourm    .   (no shield)
rNeg     . . .     Faith    .   a - +1 hat
rPois    +         Spirit   .   r - amulet of regeneration
rElec    .         Reflect  .   e - +3 ring of dexterity
rCorr    .         Harm     .   (no ring)
MR       .....                  (no ring)
Stlth    +++.......             (no ring)
HPRegen  0.55/turn              (no ring)
MPRegen  0.13/turn              (no ring)
                                (no ring)
                                (no ring)

@: no status effects
A: almost no armour, stealthy swim, amphibious, 8 rings, constrict 8, camouflage
1, clever 1, high mp 1, poison resistance, gelatinous body 1
a: Heroism, Renounce Religion


You escaped.
You worshipped Okawaru.
Okawaru was pleased with you.
You were not hungry.

You visited 2 branches of the dungeon, and saw 7 of its levels.

You collected 270 gold pieces.

Inventory:

Hand Weapons
 b - a +1 spear
 k - a +3 flail
 s - a +0 trident (weapon)
 w - a +0 hand crossbow
Missiles
 g - 52 bolts
 l - 159 arrows
 x - 14 sling bullets
Armour
 a - a +1 hat (worn)
Jewellery
 e - a +3 ring of dexterity (left tentacle)
 r - an amulet of regeneration (around mantle)
Wands
 q - a wand of acid (11)
 v - a wand of paralysis (5)
Scrolls
 d - a scroll of remove curse
 f - 3 scrolls of teleportation
 n - 2 scrolls of enchant armour
 t - a scroll of magic mapping
 y - 2 scrolls of identify
Potions
 h - 4 potions of curing
 i - a potion of lignification
 o - 3 potions of magic
Comestibles
 c - 12 rations


   Skills:
 - Level 4.0 Polearms
 + Level 1.1 Crossbows
 + Level 3.6 Dodging
 - Level 3.2 Stealth
 - Level 3.0 Spellcasting
 - Level 6.0 Conjurations
   Level 1.0 Summonings
 * Level 2.2 Translocations
   Level 6.0 Poison Magic


You had 7 spell levels left.
You knew the following spells:

 Your Spells              Type           Power        Failure   Level  Hunger
a - Magic Dart            Conj           ####         1%          1    None
b - Blink                 Tloc           N/A          7%          2    ##.....
f - Conjure Flame         Conj/Fire      ###.....     10%         3    ###....

Your spell library contained the following spells:

 Spells                   Type           Power        Failure   Level  Hunger
 Mephitic Cloud           Conj/Pois/Air  ###.....     6%          3    ###....
 Spider Form              Tmut/Pois      ###.......   10%         3    ###....
 Beastly Appendage        Tmut           #.....       11%         1    None
 Call Imp                 Summ           #.......     11%         2    ##.....
 Slow                     Hex            #.......     16%         2    ##.....
 Sticks to Snakes         Tmut           #.......     16%         2    ##.....
 Ice Form                 Ice/Tmut       #.......     71%         4    ####...
 Blade Hands              Tmut           #.........   96%         5    ######.


Dungeon Overview and Level Annotations

Branches:
Dungeon (6/15)             Temple (1/1) D:5

Altars:
Ashenzari
Cheibriados
Dithmenos
Elyvilon
Fedhas
Gozag
Hepliaklqana
Kikubaaqudgha
Makhleb
Nemelex Xobeh
Okawaru
Qazlal
Ru
Sif Muna
Trog
Uskayaw
Wu Jian
Xom
Yredelemnul
Zin
The Shining One


Innate Abilities, Weirdness & Mutations

You cannot wear most types of armour.
You are very stealthy in the water. (Stealth+)
You are amphibious.
You can wear up to eight rings at the same time.
You can use your tentacles to constrict eight enemies at once.
Your skin changes colour to match your surroundings (Stealth+).
Your rubbery body absorbs attacks. (AC +1, EV +1)
Your mind is acute. (Int +2)
You have an increased reservoir of magic. (+10% MP)
Your system is resistant to poisons. (rPois)


Message History

It was a scroll of noise.
As you read the scroll labeled CAQUUTUXTO, it crumbles to dust.
You feel momentarily disoriented.
It was a scroll of magic mapping.
Okay, then.
It was a potion of mutation.
You feel extremely strange.
You feel clever.
You feel more energetic.
You feel resistant to poisons.
Your surroundings suddenly seem different.
It was a potion of degeneration.
There was something very wrong with that liquid.
You feel weakened.
You feel dopey.
You feel clumsy.
(D) Dungeon (T) Temple
Where to? (Enter - D:1, ? - help)
What level of the Dungeon? (default 1, ? - help) You're already here!
Magic restored.
There is an open door here.
There is an open door here.
There is a staircase leading out of the dungeon here.
Are you sure you want to leave the Dungeon?
This will make you lose the game!
You have escaped!

########### ##..)......##
#..♣..@..♣..#
##.[.......## #####
#####'##### #####
##...######...######...##
#.......................#
#..⌠........⌠........⌠..#
#....)..................#
##...######...######...##
##'## ##>## ##'## ###


There were no monsters in sight!

Vanquished Creatures
  An ice beast (D:6)
  An ogre (D:4)
  5 phantoms
  A centaur (D:6)
  A scorpion (D:5)
  A bullfrog zombie (D:5)
  A hound (D:4)
  3 orc wizards (D:2)
  Terence (D:3)
  4 worker ants
  10 adders
  4 gnolls (D:5)
  A shadow imp (D:5)
  4 oozes
  An adder zombie (D:5)
  An adder skeleton (D:3)
  7 worms
  3 dart slugs
  2 leopard geckos
  3 orcs
  5 bats
  5 giant cockroaches
  9 hobgoblins
  7 jackals
  5 kobolds
  5 quokkas
  6 frilled lizards
  5 goblins
  7 rats
109 creatures vanquished.

Notes
Turn   | Place    | Note
-------+----------+-------------------------------------------
     0 | D:1      | GameOver the Octopode Wizard began the quest for the Orb.
     0 | D:1      | Reached XP level 1. HP: 11/11 MP: 4/4
   155 | D:1      | Reached XP level 2. HP: 17/17 MP: 3/6
   486 | D:1      | Reached XP level 3. HP: 21/21 MP: 3/7
   993 | D:2      | Found a stormy altar of Qazlal.
  1178 | D:2      | Learned a level 2 spell: Blink
  1182 | D:2      | Learned a level 3 spell: Mephitic Cloud
  1227 | D:2      | Reached XP level 4. HP: 27/27 MP: 1/8
  1287 | D:2      | Learned a level 3 spell: Conjure Flame
  1334 | D:2      | Reached skill level 1 in Poison Magic
  1571 | D:2      | Found an iron altar of Okawaru.
  1583 | D:2      | Became a worshipper of Warmaster Okawaru
  1756 | D:2      | Reached XP level 5. HP: 30/31 MP: 3/9
  1943 | D:2      | Reached skill level 1 in Polearms
  2048 | D:3      | Noticed Terence
  2080 | D:3      | Killed Terence
  2080 | D:3      | Reached XP level 6. HP: 36/36 MP: 5/10
  2370 | D:3      | Reached skill level 5 in Conjurations
  2399 | D:3      | Found a glowing silver altar of Zin.
  2566 | D:3      | Noticed a phantom
  2615 | D:3      | Killed a phantom
  2615 | D:3      | Reached * piety under Okawaru
  2671 | D:3      | You fall into a shaft and drop 1 floor!
  2774 | D:4      | Noticed a phantom
  2784 | D:4      | Killed a phantom
  2784 | D:4      | Reached XP level 7. HP: 41/41 MP: 2/11
  2887 | D:4      | Found a glowing golden altar of the Shining One.
  3305 | D:4      | Reached ** piety under Okawaru
  3471 | D:4      | Reached skill level 5 in Poison Magic
  3607 | D:5      | Entered Level 5 of the Dungeon
  3631 | D:5      | Found a staircase to the Ecumenical Temple.
  3651 | D:5      | Found an ancient bone altar of Kikubaaqudgha.
  3652 | D:5      | Found a blossoming altar of Fedhas.
  3671 | D:5      | Reached XP level 8. HP: 40/46 MP: 12/12
  4280 | Temple   | Entered the Ecumenical Temple
  4445 | D:6      | Reached skill level 1 in Crossbows
  4513 | D:1      | Gained mutation: Your mind is acute. (Int +2) [potion of
                  | mutation]
  4513 | D:1      | Gained mutation: You have an increased reservoir of magic.
                  | (+10% MP) [potion of mutation]
  4513 | D:1      | Gained mutation: Your system is resistant to poisons.
                  | (rPois) [potion of mutation]
  4559 | D:$      | Got out of the dungeon alive.

Levels and vault maps discovered:
D:1:      minmay_arrival_split_and_join, layout_rooms, st_stairs_7,
          minmay_misc_feat_rows
D:2:      layout_basic, okawaru_metal_pillars_1_2, lemuel_crystal_altar,
          kennysheep_generic_room_9
D:3:      kennysheep_six_static_rooms, layout_rooms, lemuel_doored_altar,
          first_ration, minmay_misc_feat_rugged, uniq_terence
D:4:      minmay_chambers_of_threes, layout_basic,
          nicolae_overflow_crystal_walls
D:5:      layout_gridville, grunt_temple_overflow_growth_and_decay,
          minmay_temple_entry_drinking_statues
D:6:      layout_gridville, lemuel_coloured_pillars_altar
Temple:   eino_wide_crystal_templ

Skill      XL: |  1  2  3  4  5  6  7  8 |
---------------+-------------------------+-----
Stealth        | 3 |  3.2
Conjurations   | 2 3 4 5 6 |  6.0
Poison Magic   | 1 2 3 5 6 |  6.0
Polearms       | 1 2 3 4 |  4.0
Dodging        | 3 |  3.6
Crossbows      | 1 |  1.1
Translocations | 2 |  2.2
Spellcasting   | |  3.0
Summonings     | |  1.0

Action                   |  1- 3 |  4- 6 |  7- 9 || total
-------------------------+-------+-------+-------++-------
Melee: Spear             |    13 |    57 |       ||    70
       Tentacles         |     1 |    10 |     9 ||    20
       Constrict         |     1 |    12 |    12 ||    25
       Trident           |       |    12 |    76 ||    88
 Fire: Hand crossbow     |       |       |    33 ||    33
 Cast: Magic Dart        |    85 |    97 |    70 ||   252
       Blink             |       |     2 |       ||     2
       Mephitic Cloud    |       |     4 |     3 ||     7
       Conjure Flame     |       |       |     2 ||     2
  Use: Scroll            |       |     8 |     5 ||    13
       Potion            |       |     3 |     2 ||     5
 Stab: Sleeping          |     1 |     2 |     1 ||     4
       Confused          |       |     2 |     4 ||     6
       Distracted        |       |       |     1 ||     1
  Eat: Chunk             |     1 |     5 |     6 ||    12
Armor: Skin              |       |     2 |       ||     2
Dodge: Dodged            |    14 |    29 |    35 ||    78

Table legend:
 A = Non-vault XP
 B = Vault XP
 C = Vault XP percentage of total XP
 D = Non-vault monster count
 E = Vault monster count
 F = Vault count percentage of total count
                 A         B        C        D         E       F
            +---------+---------+-------+---------+---------+-------
      Total |    1542 |     273 |  15.0 |      93 |      16 |  14.7
            +---------+---------+-------+---------+---------+-------
        D:1 |      52 |       2 |   3.7 |      26 |       1 |   3.7
        D:2 |     210 |       0 |   0.0 |      20 |       0 |   0.0
        D:3 |     215 |      56 |  20.7 |      20 |       6 |  23.1
        D:4 |     435 |     215 |  33.1 |       9 |       9 |  50.0
        D:5 |     263 |       0 |   0.0 |      14 |       0 |   0.0
        D:6 |     367 |       0 |   0.0 |       4 |       0 |   0.0
            +---------+---------+-------+---------+---------+-------
